 Dungeon Crawl Stone Soup version 0.22.1-2-g9c5b331383 (webtiles) character file.

5444 Peloso the Carver (level 10, 0/90 HPs)
             Began as a Minotaur Fighter on Dec 21, 2018.
             Was an Elder of Okawaru.
             Slain by a troll (9 damage)
             ... on level 8 of the Dungeon.
             The game lasted 00:16:00 (8778 turns).

Peloso the Carver (Minotaur Fighter)                Turns: 8778, Time: 00:16:00

Health: 0/90       AC: 14    Str: 23    XL:     10   Next: 41%
Magic:  9/9        EV:  6    Int:  3    God:    Okawaru [****..]
Gold:   575        SH: 11    Dex: 11    Spells: 9/9 levels left

rFire    . . .     SeeInvis .   a - +0 long sword
rCold    . . .     Gourm    .   c - +0 shield
rNeg     . . .     Faith    .   h - +0 plate armour
rPois    +         Spirit   .   (helmet restricted)
rElec    .         Reflect  .   (no cloak)
rCorr    .         Harm     .   (no gloves)
MR       .....                  (no boots)
Stlth    ..........             (no amulet)
HPRegen  0.25/turn              g - ring of poison resistance
MPRegen  0.11/turn              w - -2 ring of intelligence (curse)

@: about to teleport
A: retaliatory headbutt, horns 2
a: Heroism, Renounce Religion


You were on level 8 of the Dungeon.
You worshipped Okawaru.
Okawaru was greatly pleased with you.
You were hungry.

You visited 2 branches of the dungeon, and saw 9 of its levels.
You also visited: Ossuary.

You collected 575 gold pieces.

Inventory:

Hand Weapons
 a - a +0 long sword (weapon)
 B - a +2 short sword of speed
Armour
 b - a +0 scale mail
 c - a +0 shield (worn)
 h - a +0 plate armour (worn)
Jewellery
 g - a ring of poison resistance (left hand)
 w - a cursed -2 ring of intelligence (right hand)
 x - a cursed ring of teleportation {unknown}
 G - an uncursed ring of protection from fire {unknown}
Wands
 j - a wand of acid (15)
 E - a wand of flame (43)
Scrolls
 k - 2 scrolls of teleportation
 m - 8 scrolls of identify {unknown}
 n - a scroll of fear {unknown}
 q - a scroll of magic mapping {unknown}
 r - 2 scrolls of fog {unknown}
 s - 2 scrolls of enchant armour {unknown}
 v - 4 scrolls of remove curse
 y - a scroll of torment {unknown}
 D - 2 scrolls of blinking {unknown}
Potions
 d - a potion of might
 e - 2 potions of ambrosia {unknown}
 i - 2 potions of flight {unknown}
 l - a potion of haste {unknown}
 o - 7 potions of curing {unknown}
 p - 2 potions of heal wounds
 t - 2 potions of degeneration {unknown}
 u - 3 potions of mutation {unknown}
 z - a potion of brilliance
 A - 2 potions of magic {unknown}
 C - a potion of berserk rage {unknown}
Comestibles
 f - 18 rations


   Skills:
 + Level 8.4 Fighting
 + Level 11.9 Long Blades
 + Level 8.9 Armour
 + Level 1.8 Dodging
 + Level 1.2 Stealth
 + Level 9.1 Shields
 + Level 0.9 Invocations


You had 9 spell levels left.
You didn't know any spells.
Your spell library contained the following spells:

 Spells                   Type           Power        Failure   Level  Hunger
 Flame Tongue             Conj/Fire      #....        100%        1    ##.....
 Infusion                 Chrm           #...         100%        1    ##.....
 Shroud of Golubria       Chrm/Tloc      #.........   100%        2    ###....
 Song of Slaying          Chrm           #.......     100%        2    ###....
 Throw Flame              Conj/Fire      #.....       100%        2    ###....
 Conjure Flame            Conj/Fire      #.......     100%        3    ####...
 Inner Flame              Hex/Fire       #.......     100%        3    ####...
 Regeneration             Chrm/Necr      #.........   100%        3    ####...
 Spectral Weapon          Hex/Chrm       #.......     100%        3    ####...
 Sticky Flame             Conj/Fire      #.......     100%        4    #####..
 Fireball                 Conj/Fire      #.........   100%        5    ######.


Dungeon Overview and Level Annotations

Branches:
Dungeon (8/15)             Temple (1/1) D:4
   Lair: D:8-11

Altars:
Ashenzari
Cheibriados
Elyvilon
Hepliaklqana
Nemelex Xobeh
Okawaru
Ru
Sif Muna
Vehumet
Xom
Yredelemnul

Shops:
D:5 [


Innate Abilities, Weirdness & Mutations

You reflexively headbutt those who attack you in melee.
You have a pair of horns on your head.


Message History

You hit the troll.
The troll is lightly wounded.
The troll bites you. You block the troll's attack. The troll claws you.
You hit the troll.
The troll is lightly wounded.
You closely miss the troll.
The troll is lightly wounded.
The troll bites you but does no damage. You block the troll's attack.
The troll claws you!
* * * LOW HITPOINT WARNING * * *
Your plate armour prevents you from hitting the troll.
You headbutt the troll!
The troll is moderately wounded.
The troll bites you!
* * * LOW HITPOINT WARNING * * *
You block the troll's attack. The troll claws you.
* * * LOW HITPOINT WARNING * * *
As you read the scroll of teleportation, it crumbles to dust.
You feel strangely unstable. The troll bites you!
You die...

#### ...# ### #
...# #.##.# ...#
#.@T# ...#
#.##c#
...######## ##.#
.. ..........#
#..# ##
..........# #.##
..........####.#
####
..........#.)..#
#..#
.†.########†).##
#..#
.†.#..........#
#..#


You could see a centaur warrior and a troll.

Vanquished Creatures
  A two-headed ogre (D:8)
  2 hippogriffs
  Grinder (D:4)
  Sigmund (D:2)
  A spriggan (D:7)
  A wyvern (D:8)
  A hungry ghost (D:6)
  Grum (D:8)
  2 orc warriors
  A necrophage (D:8)
  3 ice beasts
  A sky beast (D:6)
  2 phantoms (D:8)
  2 black bears
  4 wolves (D:8)
  3 centaurs
  4 bullfrogs
  3 scorpions (D:7)
  A water moccasin skeleton (D:8)
  A howler monkey (D:4)
  4 crimson imps
  3 centaur zombies (Ossuary)
  A jelly (D:5)
  3 orc priests
  A human zombie (Ossuary)
  4 hounds
  2 bullfrog skeletons
  4 centaur skeletons
  Ijyb (D:3)
  3 iguanas
  3 worker ants
  7 orc wizards
  2 big kobold zombies (Ossuary)
  3 hound zombies
  3 hound skeletons
  3 mummies (Ossuary)
  A howler monkey zombie (D:7)
  A worker ant zombie (D:7)
  Robin (D:1)
  A howler monkey skeleton (D:6)
  5 adders
  2 shadow imps (D:5)
  3 oozes
  6 adder zombies
  4 adder skeletons
  5 worms
  2 dart slugs
  A leopard gecko (D:1)
  23 orcs
  7 giant cockroaches
  A gnoll zombie (Ossuary)
  16 goblins
  5 hobgoblins
  5 jackals
  2 quokkas
  A ball python (D:5)
  9 bats
  A giant cockroach zombie (D:6)
  A goblin zombie (Ossuary)
  9 hobgoblin zombies (Ossuary)
  A jackal zombie (Ossuary)
  5 kobolds
  6 kobold zombies (Ossuary)
  A leopard gecko skeleton (D:5)
  2 leopard gecko zombies
  2 quokka skeletons
  10 quokka zombies
  5 rats
  A rat zombie (Ossuary)
228 creatures vanquished.

Notes
Turn   | Place    | Note
-------+----------+-------------------------------------------
     0 | D:1      | Peloso the Minotaur Fighter began the quest for the Orb.
     0 | D:1      | Reached XP level 1. HP: 19/19 MP: 0/0
   195 | D:1      | Reached XP level 2. HP: 27/27 MP: 1/1
   666 | D:2      | Found a sparkling altar of Nemelex Xobeh.
   736 | D:2      | Noticed Sigmund
   739 | D:2      | Noticed Robin
   791 | D:1      | Reached XP level 3. HP: 24/33 MP: 2/2
   965 | D:1      | Reached skill level 3 in Long Blades
  1593 | D:1      | Killed Robin
  1847 | D:2      | Killed Sigmund
  1847 | D:2      | Reached skill level 4 in Long Blades
  1847 | D:2      | Reached skill level 5 in Armour
  1847 | D:2      | Reached XP level 4. HP: 41/41 MP: 3/3
  1847 | D:2      | Reached XP level 5. HP: 47/47 MP: 4/4
  2329 | D:3      | Noticed Ijyb
  2339 | D:3      | Killed Ijyb
  2339 | D:3      | Reached skill level 5 in Long Blades
  2339 | D:3      | Reached XP level 6. HP: 27/53 MP: 5/5
  2624 | D:3      | Reached skill level 5 in Shields
  3009 | D:3      | Found a deep blue altar of Sif Muna.
  3432 | D:4      | Found a staircase to the Ecumenical Temple.
  3458 | Temple   | Entered the Ecumenical Temple
  3473 | Temple   | Became a worshipper of Warmaster Okawaru
  3533 | D:4      | Noticed Grinder
  3544 | D:4      | Killed Grinder
  3544 | D:4      | Reached skill level 6 in Long Blades
  3544 | D:4      | Reached XP level 7. HP: 28/60 MP: 6/6
  3591 | D:4      | Reached skill level 1 in Dodging
  4046 | D:4      | Reached skill level 7 in Long Blades
  4216 | D:5      | Entered Level 5 of the Dungeon
  4225 | D:5      | Noticed a hippogriff
  4235 | D:5      | Reached * piety under Okawaru
  4235 | D:5      | Reached skill level 5 in Fighting
  4240 | D:5      | Killed a hippogriff
  4240 | D:5      | Reached XP level 8. HP: 20/68 MP: 7/7
  4942 | D:5      | Found Patoubre's Antique Armour Emporium.
  5071 | D:6      | Found a white marble altar of Elyvilon.
  5091 | D:6      | Reached skill level 8 in Long Blades
  5150 | D:6      | Reached skill level 1 in Stealth
  5608 | D:6      | Reached ** piety under Okawaru
  5696 | D:6      | Reached skill level 9 in Long Blades
  5979 | D:7      | Found a sand-covered staircase.
  6005 | D:7      | Reached XP level 9. HP: 75/77 MP: 8/8
  6028 | Ossuary  | Entered an ossuary
  6278 | Ossuary  | Reached skill level 10 in Long Blades
  7033 | D:7      | Reached *** piety under Okawaru
  7421 | D:8      | Reached skill level 11 in Long Blades
  7738 | D:8      | Noticed a two-headed ogre
  7752 | D:8      | Killed a two-headed ogre
  7752 | D:8      | Reached **** piety under Okawaru
  7752 | D:8      | Reached XP level 10. HP: 33/88 MP: 6/9
  8074 | D:8      | Noticed Grum
  8112 | D:8      | Killed Grum
  8773 | D:8      | Noticed a centaur warrior
  8778 | D:8      | Slain by a troll

Skill      XL: |  1  2  3  4  5  6  7  8  9 10 |
---------------+-------------------------------+-----
Armour         | 4 5 6 7 8 |  8.9
Shields        | 4 5 6 7 9 |  9.1
Fighting       | 4 5 6 7 8 |  8.4
Long Blades    | 4 5 6 7 9 11 | 11.9
Dodging        | 1 |  1.8
Stealth        | 1 |  1.2
Invocations    | |  0.9

Action                   |  1- 3 |  4- 6 |  7- 9 | 10-12 || total
-------------------------+-------+-------+-------+-------++-------
Melee: Long sword        |   132 |    77 |   518 |   112 ||   839
       Headbutt          |    15 |    13 |   134 |    24 ||   186
Invok: Heroism           |       |       |     3 |     2 ||     5
  Use: Potion            |     3 |       |       |       ||     3
       Scroll            |     2 |       |       |     1 ||     3
  Eat: Chunk             |     2 |     2 |    10 |     3 ||    17
       Ration            |       |     1 |     2 |       ||     3
Armor: Scale mail        |    14 |       |       |       ||    14
       Plate armour      |    84 |    39 |   277 |    56 ||   456
       Skin              |    14 |       |       |       ||    14
Dodge: Dodged            |    19 |    10 |    90 |    32 ||   151
Block: Shield            |    82 |    35 |   281 |    81 ||   479
       Rpst.: Long sword |     3 |     3 |    27 |     8 ||    41
